 Dungeon Crawl Stone Soup version 0.18-a0-1496-g27d3123 (webtiles) character file.

147 namelastname112 the Chucker (level 5, -6/45 HPs)
             Began as a Draconian Hunter on Mar 4, 2016.
             Mangled by Othraq the merfolk
             ... wielding a +5 trident of venom
             ... created by the player character
              (12 damage)
             ... on level 2 of the Dungeon.
             The game lasted 00:02:31 (2240 turns).

namelastname112 the Chucker (Draconian Hunter)      Turns: 2240, Time: 00:02:31

Health: -6/45      AC:  5    Str: 14    XL:     5   Next: 7%
Magic:  5/5        EV:  8    Int: 11    God:
Gold:   35         SH:  0    Dex: 13    Spells: 0 memorised, 4 levels left

rFire  . . .     SeeInvis .     g - +0 hand axe
rCold  . . .     Gourm    .     (armour unavailable)
rNeg   . . .     Faith    .     (no shield)
rPois  .         Spirit   .     (helmet restricted)
rElec  .         Dismiss  .     (no cloak)
rCorr  +         Reflect  .     (no gloves)
SustAt .         Harm     .     (no boots)
MR     +....                    (no amulet)
Stlth  +.........               n - ring of protection from magic
                                h - ring of resist corrosion

@: somewhat resistant to hostile enchantments, very unstealthy
A: unfitting armour, cold-blooded, AC +5
a: no special abilities


You were on level 2 of the Dungeon.
You were not hungry.

You visited 1 branch of the dungeon, and saw 2 of its levels.

You collected 35 gold pieces.

Inventory:

Hand Weapons
 g - a +0 hand axe (weapon)
Missiles
 b - 8 javelins (quivered)
 c - 2 throwing nets
Jewellery
 h - a ring of resist corrosion (left hand)
 n - a ring of protection from magic (right hand)
Wands
 j - a wand of digging (18/24)
 m - a wand of slowing (16/48)
Scrolls
 f - a scroll of remove curse {unknown}
 l - 3 scrolls of identify {unknown}
 o - a scroll of magic mapping {unknown}
Potions
 a - a potion of resistance {unknown}
 e - a potion of curing
 i - 2 potions of might {unknown}
 k - a potion of heal wounds {unknown}
Miscellaneous
 p - a plain deck of wonders {drawn: 1}
Comestibles
 d - a bread ration


   Skills:
 + Level 3.1 Fighting
 * Level 3.0 Axes
 + Level 4.0 Throwing
 + Level 2.7 Dodging
 - Level 0.8 Stealth


You had 4 spell levels left.
You didn't know any spells.

Dungeon Overview and Level Annotations

Branches:
Dungeon (2/15)

Altars:
Nemelex Xobeh


Innate Abilities, Weirdness & Mutations

Your plain brown scales are hard (AC +5).
Your body does not fit into most forms of armour.
You are cold-blooded and may be slowed by cold attacks.


Message History

You see here a club.
Othraq hits you from afar with a trident of venom!!
Ouch! That really hurt!
You are lethally poisoned!
You feel very sick.
* * * LOW HITPOINT WARNING * * *
You feel very sick.
* * * LOW HITPOINT WARNING * * *
You feel sick.
* * * LOW HITPOINT WARNING * * *
You feel sick.
* * * LOW HITPOINT WARNING * * *
You feel sick.
Drink which item? (? for menu, Esc to quit)
It was a potion of curing.
You feel better.
Othraq hits you from afar with a trident of venom!
* * * LOW HITPOINT WARNING * * *
There is a stone staircase leading down here.
There is a stone staircase leading up here.
Othraq hits you from afar with a trident of venom!
You die...

##...####......####.# ...
#...# #####.......# .
#...# ##.###### #...# #.#
.. ##...# #.# .# #
.##.#### ####>###.##.#.#
)......# #....m.........
).####.####.##.#...#.##.#
#.##.#.##.......@..#
#.#.#.......##.#..##
...###.##.#.......##.#
#.#.#..##.#...#....(.#
#.)..>.##.###...######
###.#####.####.## #.#
#......# #.# ######.# ..
##..#


You could see Othraq the merfolk.

Vanquished Creatures
  Terence (D:2)
  Natasha (thrice) (D:2)
  A worm (D:2)
  3 dart slugs
  3 giant geckos
  2 bats
  3 giant cockroaches (D:1)
  A goblin (D:2)
  5 hobgoblins
  A quokka (D:2)
  5 giant newts
  8 kobolds
  3 rats
39 creatures vanquished.

Notes
Turn   | Place    | Note
--------------------------------------------------------------
     0 | D:1      | namelastname112 the Draconian Hunter began the quest for the Orb.
     0 | D:1      | Reached XP level 1. HP: 17/17 MP: 1/1
   448 | D:1      | Reached XP level 2. HP: 22/25 MP: 2/2
   450 | D:1      | Reached skill level 1 in Axes
  1225 | D:2      | Reached XP level 3. HP: 30/30 MP: 3/3
  1252 | D:2      | Noticed Terence
  1266 | D:2      | Killed Terence
  1384 | D:2      | Noticed Natasha
  1393 | D:2      | Killed Natasha
  1393 | D:2      | Reached skill level 4 in Throwing
  1393 | D:2      | Reached XP level 4. HP: 3/37 MP: 4/4
  1666 | D:2      | Noticed Natasha
  1666 | D:2      | Killed Natasha
  1855 | D:2      | Noticed Natasha
  1860 | D:2      | Killed Natasha
  1860 | D:2      | Reached XP level 5. HP: 10/45 MP: 5/5
  2155 | D:2      | Found a sparkling altar of Nemelex Xobeh.
  2196 | D:2      | Noticed Othraq
  2240 | D:2      | Mangled by Othraq the merfolk

Vault maps used:
D:1:      grunt_arrival_lava_bath, st_stairs_6
D:2:      nemelex_deck, grunt_temple_overflow_diamond, grunt_ministairs_11,
          kennysheep_flooded_box, uniq_natasha, uniq_terence

Skill      XL: |  1  2  3  4 |
---------------+-------------+-----
Axes           | 1 2 3 |  3.0
Dodging        | 2 |  2.7
Throwing       | 4 |  4.0
Fighting       | 3 |  3.1
Stealth        | |  0.8

Action                   |  1- 3 |  4- 6 || total
-------------------------+-------+-------++-------
Melee: Hand axe          |    91 |    27 ||   118
       Short sword       |     2 |       ||     2
Throw: Javelin           |     6 |     3 ||     9
Evoke: Deck              |       |     1 ||     1
  Use: Potion            |       |     1 ||     1
 Stab: Sleeping          |     2 |       ||     2
  Eat: Chunk             |     1 |       ||     1
       Bread ration      |       |     1 ||     1
